 Dungeon Crawl Stone Soup version 0.31-a0-1612-g4aaf141004 (webtiles) character file.

Game seed: 16600675295729742914

111 MisterFreud the Ruffian (level 4, -2/37 HPs)
             Began as a Draconian Shapeshifter on Jan 9, 2024.
             Slain by Grinder (3 damage)
             ... on level 3 of the Dungeon.
             The game lasted 00:01:58 (1983 turns).

MisterFreud the Ruffian (Draconian Shapeshifter)    Turns: 1983, Time: 00:01:59

Health: -2/37      AC:  5    Str: 17    XL:     4   Next: 62%
Magic:  4/4        EV: 12    Int: 10    God:
Gold:   146        SH:  0    Dex: 12    Spells: 3/3 levels left

rFire   . .          .
                       - Unarmed
rCold   . . .        (no shield)
rNeg    . . .        (body armour unavailable)
rPois   .            (helmet currently unavailable)
rElec   .            (cloak currently unavailable)
rCorr   .            (gloves currently unavailable)
SInv    .            (boots currently unavailable)
Will    .....        (no amulet)
Stlth   +            (no ring)
HPRegen 0.26/turn    (no ring)
MPRegen 0.09/turn

%: no passive effects
@: mighty, beast-form
A: beast (slay +2), AC +5, unfitting armour, cold-blooded
a: Begin Untransformation


You were on level 3 of the Dungeon.
You were a hulking beast.
You visited 1 branch of the dungeon, and saw 3 of its levels.

You collected 146 gold pieces.

Inventory:

Missiles
 k - 5 poisoned darts (quivered)
Jewellery
 g - a ring of resist corrosion
Talismans
 b - a beast talisman
 c - a flux talisman
Wands
 j - a wand of charming (8)
Scrolls
 e - 2 scrolls of revelation {unknown}
 f - a scroll of teleportation
 h - 2 scrolls of identify
 i - a scroll of vulnerability {unknown}
Potions
 a - a potion of lignification


   Skills:
 + Level 2.5 Fighting
 + Level 2.6 Dodging
 + Level 3.7 Unarmed Combat
 + Level 3.6 Shapeshifting


You had 3 spell levels left.
You didn't know any spells.
Your spell library contained the following spells:

 Spells                   Type           Power      Damage    Failure   Level
 Cigotuvi's Dreadful Rot  Necr/Alch/Air  0%         N/A       50%         2
 Ignite Poison            Fire/Alch      0%         N/A       98%         4
 Freezing Cloud           Conj/Ice/Air   0%         6-21      100%        5


Dungeon Overview and Level Annotations

Branches:
Dungeon (3/15)

Altars:

Shops:
D:2 (

Annotations:
D:3 Grinder


Innate Abilities, Weirdness & Mutations

You are a hulking beast.
Your limbs bulge with bestial killing power. (Slay +2)
Your plain brown scales are hard. (AC +5)
You cannot fit into any form of body armour.
You are cold-blooded and may be slowed by cold attacks.


Message History

You kill the endoplasm!
Grinder comes into view.
Grinder shouts!
Grinder moves out of view.
No target in view!
You closely miss Grinder.
A bat comes into view.
Grinder closely misses you.
There are monsters nearby!
You hit Grinder but do no damage.
You tail-slap Grinder, but do no damage.
Grinder gestures at you. Pain shoots through your body! The bat hits you.
There are monsters nearby!
You hit Grinder.
Grinder is lightly wounded.
The bat hits you but does no damage. Grinder gestures at you.
You suddenly lose the ability to move!
Grinder gestures at you. Pain shoots through your body!
The bat hits you but does no damage. x2
Grinder gestures at you. Pain shoots through your body!
* * * LOW HITPOINT WARNING * * *
The bat hits you.
* * * LOW HITPOINT WARNING * * *
The bat barely misses you. Grinder gestures at you.
Pain shoots through your body!
* * * LOW HITPOINT WARNING * * *
You can move again.
Unknown command.
It was a potion of might.
You feel very mighty all of a sudden. The bat hits you.
* * * LOW HITPOINT WARNING * * *
Grinder hits you.
You die...
Grinder says, "Hey, I wasn't done torturing you yet!"

. #### .. #....
... .#....
#.......#
......####.......#
......b...........
#....5h##.......#
#....#.##.......#
#... #.##.......#
#..
#.##.......#######
##
#..#.......#.....#
##..########.<...)
#######..# #......
.........# #......
.........# #......


You could see Grinder and a bat.

Vanquished Creatures
  Terence (D:2)
  Natasha (D:2)
  2 adders
  2 dart slugs
  2 ball pythons
  6 endoplasms
  A giant cockroach (D:1)
  5 goblins
  3 hobgoblins
  2 quokkas (D:1)
  6 bats
  3 frilled lizards
  3 kobolds
37 creatures vanquished.

Notes
Turn   | Place    | Note
-------+----------+-------------------------------------------
     0 | D:1      | MisterFreud the Draconian Shapeshifter began the quest for
                  | the Orb.
     0 | D:1      | Reached XP level 1. HP: 16/16 MP: 1/1
   109 | D:1      | Reached XP level 2. HP: 21/23 MP: 2/2
   680 | D:2      | Reached XP level 3. HP: 29/29 MP: 3/3
   972 | D:2      | Found Odyiticy's Antique Weapon Emporium.
  1241 | D:2      | Noticed Terence
  1249 | D:2      | Killed Terence
  1587 | D:2      | Noticed Natasha
  1601 | D:2      | Killed Natasha
  1602 | D:2      | Reached XP level 4. HP: 17/37 MP: 4/4
  1975 | D:3      | Noticed Grinder
  1979 | D:3      | Paralysed by Grinder for 3 turns
  1983 | D:3      | HP: 1/37 [bat (1)]
  1983 | D:3      | Slain by Grinder

Illustrated notes

Levels and vault maps discovered:
D:1:      dpeg_arrival_short_road, layout_loops_ring
D:2:      layout_basic, serial_shops, nicolae_shop_gibbet_a_chance,
          uniq_terence, uniq_natasha
D:3:      layout_basic, serial_shops, shop, portal_sewer_entry_e, uniq_grinder

Skill      XL: |  1  2  3 |
---------------+----------+-----
Dodging        | 2 |  2.6
Fighting       | 2 |  2.5
Unarmed Combat | |  3.7
Shapeshifting  | |  3.6

Action                     |  1- 3 |  4- 6 || total
---------------------------+-------+-------++-------
  Melee: Unarmed           |    76 |    24 ||   100
         Tailslap          |    10 |     3 ||    13
         Punch             |     2 |       ||     2
    Use: Scroll            |     2 |       ||     2
         Potion            |       |     1 ||     1
   Stab: Sleeping          |       |     1 ||     1
 Armour: Skin              |    37 |    20 ||    57
  Dodge: Dodged            |    46 |    15 ||    61

Table legend: (Time is in decaauts)
 A = Elapsed time spent in this place.
 B = Non-inter-level travel time spent in this place.
 C = Inter-level travel time spent in this place.
 D = Time resting spent in this place.
 E = Time spent auto-exploring this place.
 F = Levels seen in this place.
 G = Mean time per level.
                   A        B        C        D        E       F      G
               +--------+--------+--------+--------+--------+-----+--------+
         Total |   1985 |   1931 |     54 |     57 |   1610 |   3 |  661.7 |
       Dungeon |   1985 |   1931 |     54 |     57 |   1610 |   3 |  661.7 |
               +--------+--------+--------+--------+--------+-----+--------+

Top non-repeatable levels by time:
     D:2: 1139 daAuts
     D:1: 612 daAuts
     D:3: 233 daAuts
